 Dungeon Crawl Stone Soup version 0.13-a0-2519-g3c5fe84 (webtiles) character file.

416 Rycklaryybbe the Magician (level 5, -1/28 HPs)
             Began as a Tengu Summoner on July 24, 2013.
             Slain by a scorpion (7 damage)
             ... on Level 4 of the Dungeon.
             The game lasted 00:10:30 (2962 turns).

Rycklaryybbe the Magician (Tengu Summoner)          Turns: 2962, Time: 00:10:31

HP  -1/28        AC  4     Str  8      XL: 5   Next: 63%
MP  13/15        EV 10     Int 17      God:
Gold 232         SH  0     Dex 14      Spells:  3 memorised,  7 levels left

Res.Fire  : . . .   See Invis. : .   k - +2,+0 whip
Res.Cold  : . . .   Warding    : .   v - +1 leather armour {rPois}
Life Prot.: . . .   Conserve   : .   (no shield)
Res.Poison: +       Res.Corr.  : .   (helmet restricted)
Res.Elec. : .       Clarity    : .   (no cloak)
Sust.Abil.: . .     Spirit.Shd : .   (no gloves)
Res.Mut.  : .       Stasis     : +   (boots unavailable)
Res.Rott. : .       Flight     : .   y - amulet of stasis {unknown}
Saprovore : . . .                    (no ring)
                                     (no ring)

@: slightly resistant to hostile enchantments, fairly stealthy
A: able to fly, beak, talons 3
a: Fly


You were on level 4 of the Dungeon.
You were hungry.

You visited 1 branch of the dungeon, and saw 4 of its levels.

You collected 212 gold pieces.

Inventory:

Hand weapons
 e - a +1,+2 short sword
 k - a +2,+0 whip (weapon)
 z - a +0 blowgun
Missiles
 l - 18 darts (quivered)
 C - 18 poisoned needles
Armour
 a - a +0 robe
 o - a +0 robe
 v - a +1 leather armour of poison resistance (worn)
Comestibles
 c - a bread ration
 f - 16 grapes
 g - 2 meat rations
 B - a chunk of adder flesh
Scrolls
 h - a scroll of enchant armour {unknown}
 m - a scroll of random uselessness {unknown}
 n - 2 scrolls of remove curse {unknown}
 p - a scroll of recharging {unknown}
 t - a scroll of fog {unknown}
 w - a scroll of magic mapping {unknown}
 x - 3 scrolls of identify {unknown}
 A - a scroll of fear {unknown}
 E - a scroll of amnesia {unknown}
 G - a scroll of noise {unknown}
Jewellery
 u - an uncursed amulet of warding {unknown}
 y - an amulet of stasis (around neck) {unknown}
Potions
 d - a potion of beneficial mutation {unknown}
 j - a potion of might {unknown}
 q - a potion of degeneration {unknown}
 r - 3 potions of curing {unknown}
 s - a potion of mutation {unknown}
Books
 b - a book of Callings

   Spells                             Type                      Level
   *Summon Small Mammal               Summoning                    1
   *Call Imp                          Summoning                    2
   *Call Canine Familiar              Summoning                    3
   Summon Scorpions                   Summoning/Poison             4
   Summon Ice Beast                   Ice/Summoning                4


   Skills:
 - Level 2.1 Dodging
 - Level 2.0 Stealth
 + Level 4.9 Spellcasting
 - Level 4.8 Summonings


You had 7 spell levels left.
You knew the following spells:

 Your Spells              Type           Power        Failure   Level  Hunger
a - Summon Small Mammal   Summ           ###.         1%          1    None
b - Call Imp              Summ           ###.......   2%          2    #......
c - Call Canine Familiar  Summ           ###.......   8%          3    ###....


Dungeon Overview and Level Annotations

Branches:
Dungeon (4/27)
 Temple: D:4-7

Altars:
Trog


Innate Abilities, Weirdness & Mutations

You can fly.
You have a beak for a mouth.
You have claws for feet.


Message History

You barely miss the scorpion.
You claw the scorpion, but do no damage.
The scorpion is severely wounded.
Your crimson imp hits the scorpion.
The scorpion stings you.
* * * LOW HITPOINT WARNING * * *
Your crimson imp disappears in a puff of smoke!
Your crimson imp hits the scorpion but does no damage.
You barely miss the scorpion. Your kick misses the scorpion.
The scorpion is severely wounded.
The scorpion closely misses you.
Your crimson imp closely misses the scorpion.
You hit the scorpion but do no damage.
The scorpion is severely wounded.
The scorpion closely misses you.
Your crimson imp hits the scorpion.
The scorpion barely misses you.
You completely miss the scorpion.
The scorpion is almost dead.
Your crimson imp blinks!
The scorpion stings you!
You die...

.......>
#######.......#
.......+.......#
.......#.......#######
.......#..........5..
.......#........(..#
.......#...........#
.......#...........#
#####)##.......s@..#
............##ยง#...#
.........####%##...#
........## ... #...#
......###..### ......
.###.###.# ......# .#
### ......# ## .......
# #..


You could see a scorpion and a friendly crimson imp.

Vanquished Creatures
  2 scorpions (D:4)
  An adder (D:4)
  2 worms
  A giant gecko (D:4)
  An orc (D:3)
  A ball python (D:3)
  A giant cockroach (D:1)
  5 goblins
  4 hobgoblins
  4 kobolds
  A quokka (D:2)
  8 bats
  2 giant newts
  6 rats
39 creatures vanquished.

Vanquished Creatures (collateral kills)
  A hound (D:4)
  4 adders
  A giant mite (D:3)
  2 worms (D:3)
  4 giant geckos
  An orc (D:3)
  3 bats
  A giant cockroach (D:3)
  2 goblins
  2 hobgoblins
  11 kobolds
  A quokka (D:2)
  3 giant newts
  A rat (D:1)
37 creatures vanquished.

Vanquished Creatures (others)
  A crimson imp (D:4)
  An iron imp (D:2)
  A shadow imp (D:2)
  3 grey rats
  5 bats
  A quokka (D:1)
  9 rats
21 creatures vanquished.

Grand Total: 97 creatures vanquished

Notes
Turn   | Place    | Note
--------------------------------------------------------------
     0 | D:1      | Rycklaryybbe, the Tengu Summoner, began the quest for the Orb.
     0 | D:1      | Reached XP level 1. HP: 10/10 MP: 3/3
   216 | D:1      | Reached XP level 2. HP: 7/15 MP: 1/5
   220 | D:1      | Learned a level 2 spell: Call Imp
   900 | D:1      | Reached XP level 3. HP: 16/19 MP: 5/7
  1047 | D:2      | Learned a level 3 spell: Call Canine Familiar
  1600 | D:2      | Reached XP level 4. HP: 22/24 MP: 7/10
  2489 | D:3      | Found a bloodstained altar of Trog.
  2697 | D:4      | Reached XP level 5. HP: 12/28 MP: 8/14
  2962 | D:4      | Slain by a scorpion

Action                   |  1- 3 |  4- 6 || total
-------------------------+-------+-------++-------
Melee: Short sword       |    47 |       ||    47
       Unarmed           |     4 |       ||     4
       Whip              |    17 |    49 ||    66
       Mace              |       |    22 ||    22
 Cast: Summon Small Mamm |    35 |    16 ||    51
       Call Imp          |     7 |    10 ||    17
 Stab: Sleeping          |     1 |     2 ||     3
       Distracted        |     1 |       ||     1
